[Event "Titled Tuesday Blitz November 01 Early 2022"]
[White "Leve, Nitai"]
[Black "Vusatiuk, Vladimir"]
[WhiteFideId "2006898"]
[BlackFideId "14118610"]
[WhiteElo "2144"]
[BlackElo "2208"]
[Result "0-1"]
[Round "02"]
[TimeControl "180+1"]
[Date "2022.11.02"]
[WhiteClock "0:00:12"]
[BlackClock "0:00:16"]

1. e4 e5 2. Nf3 Nc6 3. Bb5 a6 4. Ba4 Nf6 5. d4 Nxd4 6. Nxe5 Ne6 7. O-O Be7 8. Be3 Nxe4 9. Qg4 Nf6 10. Qh3 O-O 11. Nd2 d6 12. Nef3 Nf4 13. Qh4 N6d5 14. Qxf4 Nxf4 15. Bxf4 Bf6 16. c3 b5 17. Bc2 Bb7 18. Rfe1 Re8 19. Be3 Qd7 20. Red1 h6 21. a4 c5 22. a5 Qc6 23. h3 Re7 24. Nf1 Rae8 25. Bb3 c4 26. Bc2 Qc7 27. N1h2 Be4 28. Bxe4 Rxe4 29. Ng4 Bd8 30. Bd4 h5 31. Ne3 Qc6 32. Nd2 Rf4 33. Ndf1 h4 34. Nh2 Bf6 35. Nf3 Rxf3 36. gxf3 Qxf3 37. Bxf6 Qxf6 38. Rd4 Re5 39. Rad1 Rg5+ 40. Kf1 Qf3 41. Rxh4 Re5 42. Rxd6 g5 43. Rg4 Rxe3 44. Rxg5+ Kf8 45. Rg3 Qh1+ 46. Rg1 Re1+ 47. Kxe1 Qxg1+ 48. Ke2 Qb1 49. Rxa6 Qxb2+ 50. Kf1 Qxc3 51. Ra8+ Kg7 52. a6 Qa1+ 53. Kg2 c3 54. Rc8 Qxa6 55. Rxc3 b4 56. Rb3 Qc4 57. Rg3+ Kf8 0-1


[Site "https://www.chess.com"]

[Event "Titled Tuesday Blitz November 01 Early 2022"]
[White "Levitan, Caleb Levi"]
[Black "Goriatchkin, Jouri"]
[WhiteFideId "14332620"]
[BlackFideId "4120183"]
[WhiteElo "1963"]
[BlackElo "1863"]
[Result "1-0"]
[Round "02"]
[TimeControl "180+1"]
[Date "2022.11.02"]
[WhiteClock "0:01:02"]
[BlackClock "0:00:01"]

1. e4 c6 2. d4 d5 3. exd5 cxd5 4. Bd3 Nc6 5. c3 Nf6 6. Bf4 Bg4 7. Qb3 Qd7 8. Nd2 e6 9. Ngf3 Bxf3 10. Nxf3 Bd6 11. Bxd6 Qxd6 12. Qxb7 Rb8 13. Qa6 O-O 14. Bb5 Rb6 15. Qa4 Rfb8 16. Bxc6 Qxc6 17. Qxc6 Rxc6 18. O-O-O Rcb6 19. Rd2 Ne4 20. Rc2 a5 21. Ne5 R8b7 22. f3 Nd6 23. c4 dxc4 24. Nxc4 Nxc4 25. Rxc4 Kf8 26. b3 Ke7 27. Kd2 Ra7 28. Rhc1 Kd6 29. Ra4 Rb5 30. Rc8 g6 31. Rac4 a4 32. Rxa4 Rxa4 33. bxa4 Rb4 34. Kc3 Rxa4 35. Kb3 Ra7 36. a4 Rb7+ 37. Ka3 Rb1 38. a5 Kd5 39. Ka4 Kxd4 40. a6 Kd5 41. Ka5 Kd6 42. a7 Ra1+ 43. Kb6 Rb1+ 44. Ka6 Ra1+ 45. Kb7 Rb1+ 46. Ka8 Kd7 47. Rb8 Ra1 48. Rb7+ Kc8 49. Rxf7 h5 50. Rf8+ Kc7 51. Rg8 1-0


[Site "https://www.chess.com"]

[Event "Titled Tuesday Blitz November 01 Early 2022"]
[White "Lewtak, Damian"]
[Black "Fawzy, Adham"]
[WhiteFideId "1141724"]
[BlackFideId "10613129"]
[WhiteElo "2329"]
[BlackElo "2541"]
[Result "1-0"]
[Round "02"]
[TimeControl "180+1"]
[Date "2022.11.02"]
[WhiteClock "0:01:09"]
[BlackClock "0:00:01"]

1. h4 e5 2. a4 d5 3. e3 Nc6 4. d3 Nf6 5. Nd2 Bd6 6. b3 O-O 7. Bb2 Qe7 8. g3 Be6 9. Bg2 Rad8 10. Ne2 Rfe8 11. e4 dxe4 12. Nxe4 Nxe4 13. Bxe4 f5 14. Bg2 e4 15. O-O exd3 16. cxd3 Qf7 17. Nc1 Bd5 18. Bxd5 Qxd5 19. Ne2 Be5 20. Bxe5 Nxe5 21. Nf4 Qd4 22. Re1 Ng4 23. Ra2 g6 24. Ne6 Qb4 25. Rae2 Rd6 26. Ng5 Rxe2 27. Qxe2 Rd8 28. Qe6+ Kh8 29. Nf7+ Kg7 30. Nxd8 Qd2 31. Qe7+ Kh6 32. Nf7+ Kg7 33. Ng5+ Kg8 34. Qf7+ Kh8 35. Re8# 1-0


[Site "https://www.chess.com"]

[Event "Titled Tuesday Blitz November 01 Early 2022"]
[White "Lohani, Sujana"]
[Black "Cabezas Solano, David Alejandro"]
[WhiteFideId "12311987"]
[BlackFideId "6507522"]
[WhiteElo "1691"]
[BlackElo "2035"]
[Result "0-1"]
[Round "02"]
[TimeControl "180+1"]
[Date "2022.11.02"]
[WhiteClock "0:00:35"]
[BlackClock "0:00:53"]

1. d4 Nf6 2. Nf3 e6 3. c4 d5 4. g3 Be7 5. Bg2 O-O 6. O-O dxc4 7. Ne5 Qd6 8. Nxc4 Qa6 9. Qc2 Nc6 10. Rd1 Rd8 11. e3 Nb4 12. Qb3 c5 13. a3 Nc6 14. Bf1 b5 15. Ne5 c4 16. Qc2 Bb7 17. a4 Nxe5 18. dxe5 Qc6 19. e4 Rxd1 0-1


[Site "https://www.chess.com"]

[Event "Titled Tuesday Blitz November 01 Early 2022"]
[White "Lopez, Henry"]
[Black "Deev, Andrei"]
[WhiteFideId "5203830"]
[BlackFideId "4102690"]
[WhiteElo "2177"]
[BlackElo "2338"]
[Result "1-0"]
[Round "02"]
[TimeControl "180+1"]
[Date "2022.11.02"]
[WhiteClock "0:00:40"]
[BlackClock "0:00:03"]

1. d4 d6 2. Nf3 Bg4 3. c4 Nd7 4. Nc3 c5 5. d5 Ngf6 6. g3 Bxf3 7. exf3 g6 8. f4 Bg7 9. Bh3 O-O 10. O-O a6 11. a4 Rb8 12. Re1 Re8 13. Be3 Qc7 14. Rc1 e6 15. dxe6 fxe6 16. Qd2 Nf8 17. Red1 Rbd8 18. Qc2 d5 19. cxd5 exd5 20. Qb3 c4 21. Qb4 Kh8 22. Bb6 Qd6 23. Bc5 Qc6 24. Bg2 Ne6 25. Bb6 Rd7 26. a5 Nc7 27. Qa4 Nb5 28. Qc2 Nxc3 29. bxc3 Ne4 30. Rd4 Nc5 31. Rcd1 Bxd4 32. Rxd4 Ne6 33. Rd1 Qb5 34. f5 gxf5 35. Qxf5 d4 36. Qf6+ Ng7 37. Bxd4 1-0


[Site "https://www.chess.com"]

[Event "Titled Tuesday Blitz November 01 Early 2022"]
[White "Luxama, Jacques Muller"]
[Black "Borgaonkar Akshay"]
[WhiteFideId "11900113"]
[BlackFideId "25639110"]
[WhiteElo "1931"]
[BlackElo "2063"]
[Result "0-1"]
[Round "02"]
[TimeControl "180+1"]
[Date "2022.11.02"]
[WhiteClock "0:00:05"]
[BlackClock "0:00:13"]

1. d4 Nf6 2. c4 g6 3. Nc3 Bg7 4. g3 d5 5. Bg2 dxc4 6. Qa4+ Nbd7 7. Qxc4 O-O 8. Nf3 c6 9. O-O Nb6 10. Qd3 Nbd5 11. e4 Nxc3 12. bxc3 Nd7 13. Bg5 h6 14. Be3 e5 15. Rfd1 Qc7 16. Rac1 b6 17. Qd2 Ba6 18. Bxh6 Rad8 19. Bxg7 Kxg7 20. Qe3 Rde8 21. h4 exd4 22. cxd4 Nf6 23. Ne5 Bb7 24. Nxc6 Bxc6 25. d5 Nxd5 26. Rxd5 Qb7 27. Qd4+ Kg8 28. Re5 Rxe5 29. Qxe5 Re8 30. Qf4 Bxe4 31. Rc7 Qd5 32. f3 Bf5 33. g4 Be6 34. Kh2 Qxa2 35. h5 Qd5 36. hxg6 fxg6 37. Rxa7 Bf7 38. Qf6 Qe5+ 39. Qxe5 Rxe5 40. Rb7 Rb5 41. Kg3 Rb2 42. f4 Rxg2+ 43. Kxg2 Bd5+ 44. Kg3 Bxb7 45. f5 gxf5 46. gxf5 Kf7 47. Kf4 Kf6 48. Ke3 Kxf5 49. Kd4 Bc6 50. Kc4 Ke5 0-1


[Site "https://www.chess.com"]

[Event "Titled Tuesday Blitz November 01 Early 2022"]
[White "Makarian, Rudik"]
[Black "D`Arruda, Ricardo D."]
[WhiteFideId "44105681"]
[BlackFideId "100692"]
[WhiteElo "2405"]
[BlackElo "2463"]
[Result "1-0"]
[Round "02"]
[TimeControl "180+1"]
[Date "2022.11.02"]
[WhiteClock "0:00:35"]
[BlackClock "0:00:13"]

1. d3 d5 2. f4 Nc6 3. Nf3 Nf6 4. Nbd2 Bg4 5. h3 Bxf3 6. Nxf3 Qd6 7. g4 e5 8. fxe5 Nxe5 9. Bg2 Nxf3+ 10. Bxf3 Qg3+ 11. Kd2 O-O-O 12. Qg1 Ne4+ 13. Bxe4 Qxg1 14. Rxg1 dxe4 15. Rf1 f6 16. Rf5 Be7 17. Kc3 exd3 18. exd3 g6 19. Rf3 h5 20. Be3 hxg4 21. hxg4 Rh2 22. Raf1 Rd6 23. R1f2 Rc6+ 24. Kd2 Rxf2+ 25. Rxf2 Kd7 26. d4 Ke6 27. Kd3 b5 28. c3 a5 29. b3 a4 30. bxa4 bxa4 31. c4 Kf7 32. d5 Ra6 33. Bd4 Rd6 34. Rb2 c6 35. Bc5 Rd7 36. Kd4 cxd5 37. cxd5 Bd8 38. d6 Ke6 39. Re2+ Kf7 40. Kd5 Rb7 41. Kc6 Rb1 42. d7 Rd1 43. Re8 Ba5 44. Re7+ Kg8 45. Bb6 Bxb6 46. Kxb6 Kf8 47. Re8+ Kf7 48. d8=Q 1-0


[Site "https://www.chess.com"]

[Event "Titled Tuesday Blitz November 01 Early 2022"]
[White "Manelyuk, Daniil"]
[Black "Beerdsen, Thomas"]
[WhiteFideId "44173920"]
[BlackFideId "1030108"]
[WhiteElo "2209"]
[BlackElo "2567"]
[Result "0-1"]
[Round "02"]
[TimeControl "180+1"]
[Date "2022.11.02"]
[WhiteClock "0:00:05"]
[BlackClock "0:00:08"]

1. e4 e5 2. Nf3 Nc6 3. Bb5 f5 4. Nc3 fxe4 5. Nxe4 Nf6 6. Nxf6+ Qxf6 7. O-O Be7 8. c3 e4 9. Ne1 O-O 10. d4 d5 11. Nc2 Be6 12. Ne3 a6 13. Ba4 Bd6 14. Bb3 Ne7 15. Qe2 Qh4 16. g3 Qh3 17. f4 exf3 18. Rxf3 Rxf3 19. Qxf3 Rf8 20. Qe2 h5 21. Ng2 Bg4 22. Qe1 c6 23. Nf4 Bxf4 24. Bxf4 Ng6 25. Bd6 Rf6 26. Bc7 Bf3 27. Qd2 Be4 28. Bc2 h4 29. Re1 hxg3 30. Bxg3 Nh4 31. Bxe4 dxe4 32. Bxh4 Qxh4 33. Rf1 Rh6 34. Qg2 Qh5 35. Kh1 e3 36. Re1 Rg6 37. Qe4 Qg5 38. Qf3 e2 39. Qf2 Kh7 40. h3 Qd5+ 41. Kh2 Qd6+ 42. Kh1 Qd5+ 43. Kh2 Rf6 44. Qxe2 Qg5 45. Qg2 Qf4+ 46. Kh1 Qh4 47. Rg1 Qh6 48. Qg4 Kh8 49. Rg2 Qc1+ 50. Kh2 Qh6 51. Qg3 a5 52. Qg4 a4 53. Qc8+ Kh7 54. Qg4 Rf4 55. Qg3 a3 56. b3 Rf6 57. Qd3+ Kh8 58. Qg3 Rf1 59. c4 Rb1 60. d5 cxd5 61. cxd5 Rd1 62. Qf3 Qd6+ 63. Qg3 Qh6 64. Qf3 Re1 65. Qf8+ Kh7 66. Qf5+ Kg8 67. d6 Qxd6+ 68. Rg3 Re2+ 69. Kh1 Qxg3 70. Qc8+ Kh7 71. Qf5+ Qg6 72. Qf3 Qe4 73. Qxe4+ Rxe4 0-1


[Site "https://www.chess.com"]

[Event "Titled Tuesday Blitz November 01 Early 2022"]
[White "Manukian, Artak"]
[Black "Larina, Maria"]
[WhiteFideId "13301373"]
[BlackFideId "24113182"]
[WhiteElo "2460"]
[BlackElo "1848"]
[Result "1-0"]
[Round "02"]
[TimeControl "180+1"]
[Date "2022.11.02"]
[WhiteClock "0:00:15"]
[BlackClock "0:00:51"]

1. e4 c6 2. d4 d5 3. e5 c5 4. dxc5 Nc6 5. Bb5 e6 6. b4 a5 7. c3 Bd7 8. Bxc6 bxc6 9. Nf3 f6 10. O-O fxe5 11. Nxe5 Nf6 12. Nd2 Be7 13. Ndf3 O-O 14. Nd4 Ne4 15. Ndxc6 Bxc6 16. Nxc6 Qc7 17. Nxe7+ Qxe7 18. Qd3 Qh4 19. Be3 Rf5 20. b5 Rh5 21. h3 Ng5 22. Bxg5 Rxg5 23. Kh1 Rf8 24. c6 Rxf2 25. Rxf2 Qxf2 26. Rg1 Qb6 27. c4 dxc4 28. Qxc4 Qxb5 29. Qxe6+ Kf8 30. Qd6+ Kg8 31. Qd8+ Kf7 32. c7 Rd5 33. Qxd5+ Qxd5 34. c8=Q 1-0


[Site "https://www.chess.com"]

[Event "Titled Tuesday Blitz November 01 Early 2022"]
[White "Marin Ramirez, Gerardo"]
[Black "Kanyamarala, Trisha"]
[WhiteFideId "3901068"]
[BlackFideId "45004722"]
[WhiteElo "2041"]
[BlackElo "2099"]
[Result "0-1"]
[Round "02"]
[TimeControl "180+1"]
[Date "2022.11.02"]
[WhiteClock "0:00:01"]
[BlackClock "0:00:04"]

1. d4 d5 2. Nf3 Nf6 3. c4 e6 4. Nc3 c6 5. e3 Be7 6. Qc2 O-O 7. Be2 dxc4 8. Bxc4 b5 9. Bb3 a6 10. a3 Bb7 11. O-O Nbd7 12. Qe2 c5 13. Rd1 Qb6 14. Ba2 Rac8 15. Bd2 h6 16. Rac1 Rfe8 17. Be1 c4 18. Bb1 a5 19. e4 b4 20. axb4 axb4 21. Na4 Qa6 22. b3 cxb3 23. Qxa6 Bxa6 24. Nb2 Nb6 25. Nd2 Be2 26. Nxb3 Bxd1 27. Rxd1 Red8 28. h3 Nc4 29. Nd3 Nxe4 30. Nxb4 Nb2 31. Rc1 Bxb4 32. Bxb4 Rxc1+ 33. Nxc1 Nf6 34. Bc3 Nc4 35. Bd3 Nb6 36. Ne2 Nbd5 37. Bd2 Rb8 38. g3 Nb4 39. Bb1 Nc6 40. Bd3 Rd8 41. Be3 Nd5 42. Kg2 Ndb4 43. Bb5 Rb8 44. Ba4 Na5 45. Kf3 Nc4 46. Nc3 Nd5 47. Nxd5 exd5 48. Bc6 Rd8 49. Bf4 Kf8 50. Bb5 Ke7 51. Bc7 Rc8 52. Bf4 Nd6 53. Bd3 Rc3 54. Ke2 Ra3 55. Bc1 Ra2+ 56. Ke3 f5 57. Kf3 Ne4 58. Be3 g5 59. Bb5 Ke6 60. Be8 f4 61. gxf4 gxf4 62. Kxf4 Nxf2 0-1


[Site "https://www.chess.com"]

[Event "Titled Tuesday Blitz November 01 Early 2022"]
[White "Martinez, Shawn"]
[Black "Omelja, Artem"]
[WhiteFideId "2039770"]
[BlackFideId "14119846"]
[WhiteElo "2174"]
[BlackElo "2403"]
[Result "1-0"]
[Round "02"]
[TimeControl "180+1"]
[Date "2022.11.02"]
[WhiteClock "0:00:21"]
[BlackClock "0:01:39"]

1. e4 c5 2. Nc3 e6 3. g3 Nc6 4. Bg2 Nf6 5. Nge2 Be7 6. O-O O-O 7. d4 cxd4 8. Nxd4 d6 9. Be3 e5 10. Ndb5 a6 11. Na3 b5 12. Nd5 Bb7 13. Bb6 Qd7 14. c4 b4 15. Nc2 a5 16. Nce3 Rfc8 17. b3 Nd8 18. Nxe7+ Qxe7 19. Nf5 Qd7 20. Qxd6 Qc6 21. Ne7+ 1-0


[Site "https://www.chess.com"]

[Event "Titled Tuesday Blitz November 01 Early 2022"]
[White "Matinian, Nikita"]
[Black "Garayev, Kanan"]
[WhiteFideId "24129100"]
[BlackFideId "13406671"]
[WhiteElo "2422"]
[BlackElo "2244"]
[Result "1/2-1/2"]
[Round "02"]
[TimeControl "180+1"]
[Date "2022.11.02"]
[WhiteClock "0:00:17"]
[BlackClock "0:00:10"]

1. e4 e5 2. Nf3 Nf6 3. Nc3 Nc6 4. Bc4 Nxe4 5. Nxe4 d5 6. Bd3 dxe4 7. Bxe4 Bd6 8. O-O O-O 9. Re1 Re8 10. c3 h6 11. b4 a6 12. d3 Qf6 13. a4 Be6 14. Bb2 Rab8 15. b5 Ne7 16. c4 Ng6 17. Bxg6 Qxg6 18. Bxe5 Bb4 19. Re3 Bg4 20. Bxc7 Rxe3 21. fxe3 Rc8 22. Be5 Bxf3 23. Qxf3 Qxd3 24. Qg3 Bf8 25. bxa6 bxa6 26. h3 Rxc4 27. Kh2 Re4 28. Bd4 Re6 29. Kh1 Rg6 30. Qf3 Bd6 31. Rf1 Qc4 32. a5 Rg3 33. Qa8+ Kh7 34. Qe4+ Rg6 35. Rb1 Qe6 36. Qxe6 Rxe6 37. Rb7 Kg6 38. g4 Be5 39. Bb6 Bc3 40. Ra7 Bd2 41. Kg2 Bxe3 42. Bxe3 Rxe3 43. Rxa6+ f6 44. Ra7 Ra3 45. a6 Kh7 46. h4 h5 47. gxh5 Kh6 48. Ra8 Kxh5 49. a7 Kg6 50. h5+ Kh7 51. Kf2 f5 52. Kg2 f4 53. Kf2 Ra4 54. Kf3 Ra3+ 55. Kg4 Ra4 56. Kf3 Ra3+ 57. Kxf4 Ra1 58. Ke4 Ra4+ 59. Kd3 Ra1 60. Kc2 Ra6 61. Kb3 Ra1 62. Kb4 Rb1+ 63. Kc5 Rc1+ 64. Kd6 Rd1+ 65. Ke7 Ra1 66. Kf7 Rf1+ 67. Ke6 Re1+ 68. Kd5 Rd1+ 69. Kc4 Ra1 70. Kb3 Ra6 1/2-1/2


[Site "https://www.chess.com"]

[Event "Titled Tuesday Blitz November 01 Early 2022"]
[White "Mekhitarian, Krikor Sevag"]
[Black "Eisa Mohmood, Alkhoori"]
[WhiteFideId "2107660"]
[BlackFideId "9316116"]
[WhiteElo "2614"]
[BlackElo "1245"]
[Result "1/2-1/2"]
[Round "02"]
[TimeControl "180+1"]
[Date "2022.11.02"]
[WhiteClock "0:00:04"]
[BlackClock "0:00:05"]

1. e4 c5 2. Nf3 d6 3. d4 cxd4 4. Nxd4 Nf6 5. Nc3 g6 6. Be3 Bg7 7. f3 O-O 8. Qd2 Nc6 9. Bc4 Bd7 10. Bb3 Nxd4 11. Bxd4 b5 12. O-O a5 13. a4 b4 14. Nd5 Nxd5 15. exd5 Bxd4+ 16. Qxd4 e5 17. dxe6 Bxe6 18. Rad1 Rc8 19. Qxd6 Qxd6 20. Rxd6 Bxb3 21. cxb3 Rc2 22. Rf2 Rc1+ 23. Rf1 Rc2 24. Rfd1 Rxb2 25. R1d3 Re8 26. Rd8 Rxd8 27. Rxd8+ Kg7 28. Rd3 Rc2 29. h4 Rc3 30. Rd5 Rxb3 31. Rxa5 Ra3 32. Kh2 b3 33. Kh3 b2 34. Rb5 Ra2 35. a5 h5 36. a6 Rxa6 37. Rxb2 Ra1 38. Kg3 Rf1 39. Rb4 Kf6 40. Kf4 Rh1 41. Rb6+ Kg7 42. g3 Ra1 43. Rb4 Ra6 44. Rd4 Rf6+ 45. Ke3 Re6+ 46. Re4 Ra6 47. Rd4 Ra3+ 48. Kf4 Kf6 49. g4 hxg4 50. fxg4 Rh3 51. Rd6+ Ke7 52. Ra6 Rxh4 53. Kg5 Rh1 54. Ra7+ Kf8 55. Ra6 Kg7 56. Ra7 Rc1 57. Rb7 Rc5+ 58. Kf4 g5+ 59. Kf3 Rc3+ 60. Kf2 Rc4 61. Kf3 Rf4+ 62. Kg3 Kg6 63. Rb6+ f6 64. Rb5 Rd4 65. Ra5 Kf7 66. Ra6 Rd3+ 67. Kf2 Ke7 68. Rb6 Rd6 69. Rb5 Ke6 70. Kf3 Rd5 71. Rb8 Rd3+ 72. Kf2 Ke5 73. Rb5+ Rd5 74. Rb6 Rd6 75. Rb5+ Kf4 76. Rb4+ Ke5 77. Rb5+ Ke6 78. Kf3 Rd3+ 79. Kf2 Rh3 80. Ra5 Rb3 81. Ra6+ Ke5 82. Ra5+ Kf4 83. Rf5+ Kxg4 84. Rxf6 Rb2+ 85. Kg1 Kg3 86. Rf1 g4 87. Kh1 Kh3 88. Rc1 g3 89. Rd1 Rh2+ 90. Kg1 Rg2+ 91. Kh1 Rc2 92. Kg1 Rf2 93. Rc1 Re2 94. Rb1 Re3 95. Rc1 g2 96. Rb1 Kg3 97. Rb3 Rxb3 1/2-1/2


[Site "https://www.chess.com"]

[Event "Titled Tuesday Blitz November 01 Early 2022"]
[White "Mesa Cruz, Juan Carlos"]
[Black "Ronka, Erik"]
[WhiteFideId "6423400"]
[BlackFideId "505080"]
[WhiteElo "2059"]
[BlackElo "2264"]
[Result "0-1"]
[Round "02"]
[TimeControl "180+1"]
[Date "2022.11.02"]
[WhiteClock "0:00:02"]
[BlackClock "0:02:10"]

1. e4 c5 2. Nf3 a6 3. c3 d5 4. exd5 Qxd5 5. Na3 Nf6 6. Nc4 Qd8 7. a4 e6 8. Be2 Be7 9. a5 Nbd7 10. d4 O-O 11. O-O cxd4 12. Qxd4 Bc5 13. Qf4 Nd5 14. Qg3 N7f6 15. Rd1 Qe7 16. Bg5 Kh8 17. h4 h6 18. Bd2 Ne4 19. Qh3 Nxf2 0-1


[Site "https://www.chess.com"]

[Event "Titled Tuesday Blitz November 01 Early 2022"]
[White "Migot, Tangi"]
[Black "Suleymanli, Aydin"]
[WhiteFideId "662445"]
[BlackFideId "13413937"]
[WhiteElo "2605"]
[BlackElo "2481"]
[Result "0-1"]
[Round "02"]
[TimeControl "180+1"]
[Date "2022.11.01"]
[WhiteClock "0:00:17"]
[BlackClock "0:00:07"]

1. e4 c5 2. Nf3 d6 3. d4 cxd4 4. Nxd4 Nf6 5. Nc3 a6 6. f3 e5 7. Nb3 Be7 8. Be3 O-O 9. Qe2 Be6 10. O-O-O b5 11. Nd5 Bxd5 12. exd5 Nbd7 13. Kb1 b4 14. g4 a5 15. g5 Nh5 16. Bh3 a4 17. Nc1 Nc5 18. Bg4 Nf4 19. Qc4 Bxg5 20. h4 Be7 21. Qxb4 f5 22. Bh3 Rc8 23. h5 Rb8 24. Qc4 Nd7 25. Qxa4 Nxh5 26. Bf1 Ng3 27. Rg1 f4 28. Bf2 h5 29. Bh3 Nb6 30. Qa3 Nc4 31. Qc3 Rxb2+ 32. Qxb2 Nxb2 33. Kxb2 Qb8+ 34. Nb3 h4 35. c4 g5 36. Bg4 e4 37. fxe4 Bf6+ 38. Bd4 Bxd4+ 39. Rxd4 f3 40. Rd2 f2 0-1


[Site "https://www.chess.com"]

[Event "Titled Tuesday Blitz November 01 Early 2022"]
[White "Mihajlov, Sebastian"]
[Black "Maximov, Dmitry"]
[WhiteFideId "1512110"]
[BlackFideId "14105659"]
[WhiteElo "2464"]
[BlackElo "2494"]
[Result "0-1"]
[Round "02"]
[TimeControl "180+1"]
[Date "2022.11.02"]
[WhiteClock "0:00:00"]
[BlackClock "0:00:37"]

1. e4 c5 2. Nf3 d6 3. d4 cxd4 4. Nxd4 Nf6 5. Nc3 a6 6. Bc4 Nbd7 7. Be3 Qc7 8. Bb3 Nc5 9. Nd5 Nxd5 10. exd5 g6 11. h4 h5 12. Qe2 Bg7 13. O-O-O O-O 14. Bg5 Re8 15. f3 a5 16. Kb1 a4 17. Bc4 a3 18. b3 Qb6 19. Be3 Na4 20. Qd2 Bd7 21. Ne6 Qa5 22. Qxa5 Rxa5 23. Nxg7 Nc3+ 24. Ka1 Nxd1 25. Bd2 Rea8 26. Bxa5 Rxa5 27. Rxd1 Kxg7 28. Re1 Kf6 29. c3 Rc5 30. Rd1 b5 31. Bd3 Rxc3 32. Kb1 b4 33. Be4 Ke5 34. g3 f5 35. Bd3 Kf6 36. f4 Bc8 37. Rd2 Bb7 38. Bc4 Rxg3 39. Re2 Rg4 0-1


[Site "https://www.chess.com"]

[Event "Titled Tuesday Blitz November 01 Early 2022"]
[White "Mladenovic, Stefan"]
[Black "Hernandez Jimenez, Alexander Andres"]
[WhiteFideId "942227"]
[BlackFideId "3900452"]
[WhiteElo "2337"]
[BlackElo "2098"]
[Result "1-0"]
[Round "02"]
[TimeControl "180+1"]
[Date "2022.11.02"]
[WhiteClock "0:02:08"]
[BlackClock "0:01:56"]

1. d4 Nf6 2. Nf3 b5 3. e3 a6 4. Bd3 Bb7 5. a4 b4 6. O-O e6 7. c4 d5 8. cxd5 exd5 9. Ne5 Nbd7 10. f4 Be7 11. Nd2 Nxe5 12. fxe5 Nd7 13. e6 Nf6 14. exf7+ Kxf7 15. Nf3 Rf8 16. Ng5+ Kg8 17. Ne6 Qd6 18. Nxf8 Rxf8 19. Bd2 a5 20. Rc1 c6 21. Rc5 Bd8 22. Be1 Bb6 23. Rc1 c5 24. Bg3 Qe7 25. dxc5 Bxc5 26. Kh1 Bxe3 27. Rc7 1-0


[Site "https://www.chess.com"]

[Event "Titled Tuesday Blitz November 01 Early 2022"]
[White "Molina, Roberto Junio Brito"]
[Black "Begunov, Konstantin"]
[WhiteFideId "2109450"]
[BlackFideId "4118510"]
[WhiteElo "2388"]
[BlackElo "2225"]
[Result "1-0"]
[Round "02"]
[TimeControl "180+1"]
[Date "2022.11.02"]
[WhiteClock "0:01:38"]
[BlackClock "0:00:01"]

1. d4 d5 2. Nf3 c6 3. e3 Nf6 4. Be2 Bg4 5. O-O e6 6. b3 Bd6 7. Ba3 Bxa3 8. Nxa3 Qe7 9. Qc1 Ne4 10. c4 O-O 11. Nb1 Nd7 12. Qb2 Rac8 13. Nc3 Nxc3 14. Qxc3 Nf6 15. Qb2 Ne4 16. Rac1 a6 17. Ne5 Bxe2 18. Qxe2 f6 19. Nf3 f5 20. Ne5 f4 21. exf4 Rxf4 22. g3 Rf5 23. f3 Nd6 24. Rfe1 Rcf8 25. Kg2 g5 26. Qd3 Nf7 27. Ng4 Nd6 28. Nh6+ Kg7 29. Nxf5+ Nxf5 30. Re5 Rf6 31. Rce1 Qf7 32. Qd2 Nd6 33. Qxg5+ Rg6 34. Qe3 dxc4 35. Rxe6 Rxe6 36. Qxe6 Qxe6 37. Rxe6 c3 38. Re1 Nb5 39. Rc1 Kf6 40. Kf2 Ke6 41. a4 Nxd4 42. Rxc3 Kd5 43. Re3 c5 44. f4 b5 45. axb5 axb5 46. g4 c4 47. bxc4+ Kxc4 48. f5 b4 49. f6 b3 50. f7 b2 51. Re1 Ne6 52. Rxe6 b1=Q 53. f8=Q Qb2+ 54. Re2 Qb6+ 55. Kg2 Qc6+ 56. Qf3 Qh6 57. Qe4+ Kc5 58. Qe3+ 1-0


[Site "https://www.chess.com"]

[Event "Titled Tuesday Blitz November 01 Early 2022"]
[White "Mosutha, Thuso"]
[Black "Viana Da Costa, Fernando"]
[WhiteFideId "11302550"]
[BlackFideId "2111900"]
[WhiteElo "2028"]
[BlackElo "2277"]
[Result "0-1"]
[Round "02"]
[TimeControl "180+1"]
[Date "2022.11.02"]
[WhiteClock "0:01:27"]
[BlackClock "0:00:10"]

1. d4 Nf6 2. c4 e6 3. Nf3 d5 4. g3 Be7 5. Bg2 O-O 6. O-O dxc4 7. Nc3 c6 8. Ne5 Nd5 9. Nxc4 b6 10. e4 Nxc3 11. bxc3 Ba6 12. Qb3 Nd7 13. Rd1 Qc8 14. Ne3 Rd8 15. Ba3 c5 16. e5 Rb8 17. f4 Bf8 18. d5 exd5 19. Bxd5 c4 20. Nxc4 Nc5 21. Bxc5 Qxc5+ 22. Kg2 Rxd5 23. Nb2 Bb7 24. Kh3 Bc8+ 25. Kg2 Be6 26. c4 Rxd1 27. Rxd1 b5 28. Rf1 Bxc4 29. Nxc4 Qxc4 30. Qxc4 bxc4 31. Rc1 Rb2+ 32. Kf3 Rxa2 33. Rxc4 a5 34. f5 Rb2 35. e6 fxe6 36. fxe6 Rb6 37. Ra4 Bb4 0-1


[Site "https://www.chess.com"]

[Event "Titled Tuesday Blitz November 01 Early 2022"]
[White "Muminova, Nafisa"]
[Black "Barria Zuniga, Daniel"]
[WhiteFideId "14201526"]
[BlackFideId "3400816"]
[WhiteElo "2258"]
[BlackElo "2414"]
[Result "1-0"]
[Round "02"]
[TimeControl "180+1"]
[Date "2022.11.02"]
[WhiteClock "0:00:12"]
[BlackClock "0:00:03"]

1. e4 c5 2. Nf3 Nc6 3. Bb5 Na5 4. c3 a6 5. Ba4 b5 6. Bc2 Bb7 7. O-O Nf6 8. Re1 e6 9. d4 cxd4 10. cxd4 Be7 11. Nc3 b4 12. Na4 O-O 13. Nc5 Bc6 14. Bg5 h6 15. Bxf6 Bxf6 16. e5 Be7 17. Qd3 g6 18. Ne4 Rc8 19. Rac1 Kg7 20. b3 Bxe4 21. Qxe4 Rc3 22. h4 Qa8 23. Qf4 Rfc8 24. Be4 Qb8 25. Rcd1 Rf8 26. d5 Qc8 27. d6 Bd8 28. Bb1 Bb6 29. Qe4 Qc5 30. Rf1 h5 31. Ng5 Nc6 32. Rde1 Rg3 33. Qf4 Rg4 34. Qf6+ Kg8 35. Bxg6 Rxg5 36. hxg5 fxg6 37. Qxg6+ Kh8 38. Qh6+ Kg8 39. g6 Rf7 40. gxf7+ Kxf7 41. Qxh5+ Kg7 42. Qg5+ Kf8 43. Re4 Nd4 44. Qf6+ Ke8 45. Rh4 Ne2+ 46. Kh1 1-0


[Site "https://www.chess.com"]

[Event "Titled Tuesday Blitz November 01 Early 2022"]
[White "Najdin, Danil"]
[Black "Fier, Alexandr"]
[WhiteFideId "4172426"]
[BlackFideId "2107139"]
[WhiteElo "2240"]
[BlackElo "2607"]
[Result "0-1"]
[Round "02"]
[TimeControl "180+1"]
[Date "2022.11.02"]
[WhiteClock "0:01:37"]
[BlackClock "0:02:41"]

1. e4 e6 2. d4 d5 3. Nd2 Nf6 4. e5 Nfd7 5. Bd3 c5 6. c3 Nc6 7. Ne2 f6 8. Nf4 Qe7 9. Qh5+ Qf7 10. Ng6 fxe5 11. Qh3 hxg6 12. Qxh8 e4 13. Bb5 cxd4 14. Bxc6 bxc6 15. cxd4 Ba6 16. Nb3 O-O-O 17. Bg5 Bb4+ 0-1


[Site "https://www.chess.com"]

[Event "Titled Tuesday Blitz November 01 Early 2022"]
[White "Nakamura, Hikaru"]
[Black "Korchmar, Vasiliy"]
[WhiteFideId "2016192"]
[BlackFideId "24131750"]
[WhiteElo "2909"]
[BlackElo "2370"]
[Result "1-0"]
[Round "02"]
[TimeControl "180+1"]
[Date "2022.11.01"]
[WhiteClock "0:01:15"]
[BlackClock "0:00:06"]

1. g3 d5 2. Bg2 g6 3. d4 Nf6 4. Nf3 Bg7 5. O-O O-O 6. c4 c6 7. Qb3 a5 8. cxd5 a4 9. Qd1 cxd5 10. Nc3 Ne4 11. Nxa4 Qa5 12. b3 Bd7 13. Nb2 Nc6 14. e3 e5 15. dxe5 Nxe5 16. Nxe5 Bxe5 17. Bxe4 Bb5 18. Bd3 Bc6 19. a3 b5 20. b4 Qc7 21. Ra2 h5 22. Bb1 h4 23. Nd3 hxg3 24. Nxe5 gxh2+ 25. Kh1 Qxe5 26. Qd4 Qh5 27. f4 Qh3 28. Rg2 Rfe8 29. Bb2 1-0


[Site "https://www.chess.com"]